 Dungeon Crawl Stone Soup version 0.19.1 (webtiles) character file.

58 balthal the Charmwright (level 3, 0/24 HPs)
             Began as a High Elf Skald on Dec 15, 2016.
             Succumbed to an adder's poison
             ... on level 3 of the Dungeon.
             The game lasted 00:03:50 (1916 turns).

balthal the Charmwright (High Elf Skald)            Turns: 1916, Time: 00:03:51

Health: 0/24       AC:  3    Str:  9 (12) XL:     3   Next: 76%
Magic:  8/8        EV: 11    Int: 13 (15) God:
Gold:   88         SH:  0    Dex: 14 (15) Spells: 2 memorised, 4 levels left

rFire  . . .     SeeInvis .     b - +0 hunting sling
rCold  . . .     Gourm    .     j - +0 leather armour
rNeg   . . .     Faith    .     (no shield)
rPois  .         Spirit   .     (no helmet)
rElec  .         Reflect  .     (no cloak)
rCorr  .         Harm     .     (no gloves)
MR     .....                    (no boots)
Stlth  +.........               (no amulet)
                                (no ring)
                                (no ring)

@: lethally poisoned (0 -> -7)
A: no striking features
a: no special abilities


You were on level 3 of the Dungeon.
You were not hungry.

You visited 1 branch of the dungeon, and saw 3 of its levels.

You collected 88 gold pieces.

Inventory:

Hand Weapons
 a - a +0 falchion
 b - a +0 hunting sling (weapon)
Missiles
 i - 10 sling bullets (quivered)
Armour
 j - a +0 leather armour (worn)
Scrolls
 d - a scroll of fear {unknown}
 f - a scroll of enchant weapon {unknown}
 g - a scroll of blinking {unknown}
 h - a scroll of remove curse {unknown}
Books
 c - a book of Battle

   Spells                             Type                      Level
   a - Infusion                       Charms                       1
   b - Shroud of Golubria             Charms/Translocation         2
   c - Song of Slaying                Charms                       2
   d - Spectral Weapon                Hexes/Charms                 3
   e - Regeneration                   Charms/Necromancy            3
Comestibles
 k - 2 meat rations


   Skills:
 + Level 2.1 Fighting
 + Level 2.6 Long Blades
 * Level 1.3 Slings
 + Level 1.3 Armour
 + Level 1.1 Dodging
 + Level 0.2 Stealth
 + Level 2.7 Spellcasting
 + Level 4.4 Charms


You had 4 spell levels left.
You knew the following spells:

 Your Spells              Type           Power        Failure   Level  Hunger
a - Infusion              Chrm           ##..         6%          1    #......
b - Shroud of Golubria    Chrm/Tloc      #.........   24%         2    ###....


Dungeon Overview and Level Annotations

Branches:
Dungeon (3/15)

Altars:


Message History

You shoot a sling bullet. The sling bullet misses the adder.
The sling bullet hits the hobgoblin.
The hobgoblin is severely wounded.
You feel sick. The adder bites you.
It was a potion of degeneration.
There was something very wrong with that liquid.
You feel weakened.
You feel dopey.
You feel clumsy. The adder bites you.
* * * LOW HITPOINT WARNING * * *
The adder bites you but does no damage.
You feel sick. The adder bites you.
* * * LOW HITPOINT WARNING * * *
You are lethally poisoned!
The adder poisons you!
* * * LOW HITPOINT WARNING * * *
You feel sick.
* * * LOW HITPOINT WARNING * * *
You feel sick. The adder closely misses you.
You die...

#.# #.# #.# #.#
#.# #.# #.# #.#
#.# #.# #.# #.#
....# #.# .
...# #@# ..
...# ####.# ..
..# # #.gS.#
... ..# .#
#.####
...##(###.# #.#
..........# #g#
..o(....#####o#
..?........##o#
.####.####.##(#


You could see an adder.

Vanquished Creatures
  2 adders
  A worm (D:3)
  2 dart slugs (D:1)
  A leopard gecko (D:2)
  3 orcs (D:3)
  3 bats
  A giant cockroach (D:2)
  2 goblins
  2 hobgoblins (D:1)
  A quokka (D:2)
  2 frilled lizards
  6 kobolds
  4 rats
30 creatures vanquished.

Notes
Turn   | Place    | Note
-------+----------+-------------------------------------------
     0 | D:1      | balthal the High Elf Skald began the quest for the Orb.
     0 | D:1      | Reached XP level 1. HP: 14/14 MP: 4/4
   294 | D:1      | Reached skill level 1 in Armour
   294 | D:1      | Reached skill level 4 in Charms
   294 | D:1      | Reached XP level 2. HP: 15/19 MP: 0/6
   298 | D:1      | Learned a level 2 spell: Shroud of Golubria
  1060 | D:2      | Reached XP level 3. HP: 24/24 MP: 8/8
  1854 | D:3      | Reached skill level 1 in Slings
  1915 | D:3      | HP: 1/24 [poisoned by an adder]
  1916 | D:3      | Succumbed to an adder's poison

Skill      XL: |  1  2  3 |
---------------+----------+-----
Armour         | 1 |  1.3
Charms         | 4 |  4.4
Slings         | 1 |  1.3
Fighting       | |  2.1
Long Blades    | |  2.6
Dodging        | |  1.1
Stealth        | |  0.2
Spellcasting   | |  2.7

Action                   || total
-------------------------++-------
Melee: Falchion          ||    43
 Fire: Hunting sling     ||    67
 Cast: Infusion          ||    10
  Use: Potion            ||     1
 Stab: Sleeping          ||     1
  Eat: Bread ration      ||     1
Armor: Leather armour    ||    23
Dodge: Dodged            ||    27
       Rpst.: Falchion   ||     2
